[ AOE2 MATCH · #495430999 ]
UnrankedMalians vs Chinese
[ REPLAY ANALYSIS · EXTRACTED FROM THE RECORDED GAME ]
Feudal
12:23
Castle
19:06
Imperial
40:09
| APM avg | 19.4 |
| APM peak | 52 |
| eAPM avg | 15.1 |
| Villagers / military | 206 / 645 |
Focus
⚔️ 31.1% · 🌾 68.9%
Gbeto ×376 · Scout Cavalry ×174 · Spearman ×94 · Trade Cart ×41 · Monk ×1
Feudal
14:02
Castle
20:38
Imperial
33:02
| APM avg | 28.3 |
| APM peak | 120 |
| eAPM avg | 17.1 |
| Villagers / military | 205 / 403 |
Focus
⚔️ 30.4% · 🌾 69.6%
Scout Cavalry ×265 · Scorpion ×72 · Chu Ko Nu ×45 · Battering Ram ×17 · Monk ×2 · Trebuchet (Packed) ×2
Feudal
12:39
Castle
21:12
Imperial
49:14
| APM avg | 23.9 |
| APM peak | 70 |
| eAPM avg | 15.8 |
| Villagers / military | 117 / 306 |
Focus
⚔️ 43.7% · 🌾 56.3%
Longbowman ×168 · Scout Cavalry ×130 · Trade Cart ×11 · Spearman ×5 · Skirmisher ×2 · Monk ×1
Feudal
15:53
Castle
19:48
Imperial
44:32
| APM avg | 34.8 |
| APM peak | 96 |
| eAPM avg | 25.0 |
| Villagers / military | 163 / 761 |
Focus
⚔️ 64.1% · 🌾 35.9%
Skirmisher ×476 · Longbowman ×177 · Archer ×97 · Trade Cart ×11 · Trebuchet (Packed) ×11
Feudal
14:21
Castle
18:38
Imperial
37:49
| APM avg | 9.0 |
| APM peak | 53 |
| eAPM avg | 6.7 |
| Villagers / military | 88 / 159 |
Focus
⚔️ 31.1% · 🌾 68.9%
Chakram Thrower ×150 · Trade Cart ×17 · Bombard Cannon ×9
Feudal
16:05
Castle
20:42
Imperial
35:20
| APM avg | 18.0 |
| APM peak | 41 |
| eAPM avg | 11.6 |
| Villagers / military | 157 / 184 |
Focus
⚔️ 36.7% · 🌾 63.3%
Hussite Wagon ×114 · Hand Cannoneer ×45 · Bombard Cannon ×25
Feudal
13:44
Castle
18:11
Imperial
34:08
| APM avg | 19.9 |
| APM peak | 60 |
| eAPM avg | 13.0 |
| Villagers / military | 232 / 189 |
Focus
⚔️ 30.3% · 🌾 69.7%
Steppe Lancer ×104 · Trade Cart ×44 · Mangonel ×38 · Scout Cavalry ×25 · Scorpion ×16 · Monk ×2
Feudal
12:22
Castle
18:38
Imperial
35:27
| APM avg | 22.7 |
| APM peak | 52 |
| eAPM avg | 15.1 |
| Villagers / military | 129 / 514 |
Focus
⚔️ 36.5% · 🌾 63.5%
Spearman ×229 · Hand Cannoneer ×139 · Bombard Cannon ×98 · Skirmisher ×22 · Hussite Wagon ×21 · Trade Cart ×19
Match map
Initial resources + every placement click. Lines = walls · curves = elevation contours. ◆ gold · ⬟ stone · ● berries · ✦ relic · ◌ wall gap
Your base· ✓ Closed at 19:06 · 0t walls · no gate
依旧霸气's base· ✓ Closed at 20:38 · 14t walls · 1 gate(s)
vitavidal91's base· ✓ Closed at 21:12 · 79t walls · no gate
reynoso0989carlos's base· ✓ Closed at 19:48 · 62t walls · 1 gate(s)
tatomagallanes's base· ✓ Closed at 18:38 · 30t walls · no gate
Rompe--Anos's base· ✓ Closed at 20:42 · 0t walls · no gate
ephriamk90's base· ✓ Closed at 18:11 · 7t walls · no gate
GuilleLeopold17's base· ✓ Closed at 18:38 · 7t walls · no gate
Smoothed initial terrain · ◌ = detected wall gap · hover for details
Inputs per minute
— felipegarcia92 - - 依旧霸气
Build order — felipegarcia92
First 150 of 708 actions detected
| 0:01 | Queue | Villager (Male) |
| 0:02 | Queue | Villager (Male) |
| 0:02 | Queue | Villager (Male) |
| 0:02 | Queue | Villager (Male) |
| 0:02 | Queue | Villager (Male) |
| 0:03 | Queue | Villager (Male) |
| 0:04 | Build | House |
| 0:06 | Build | House |
| 1:34 | Queue | Villager (Male) |
| 1:34 | Queue | Villager (Male) |
| 1:35 | Queue | Villager (Male) |
| 2:07 | Queue | Villager (Male) |
| 2:07 | Queue | Villager (Male) |
| 2:07 | Queue | Villager (Male) |
| 2:08 | Queue | Villager (Male) |
| 2:33 | Queue | Villager (Male) |
| 3:01 | Research | Loom |
| 3:15 | Queue | Villager (Male) |
| 3:15 | Queue | Villager (Male) |
| 3:30 | Queue | Villager (Male) |
| 4:03 | Build | House |
| 4:11 | Build | Mill |
| 4:14 | Queue | Villager (Male) |
| 4:19 | Queue | Villager (Male) |
| 5:27 | Queue | Villager (Male) |
| 5:27 | Queue | Villager (Male) |
| 5:52 | Queue | Villager (Male) |
| 5:52 | Queue | Villager (Male) |
| 5:52 | Queue | Villager (Male) |
| 6:29 | Build | Mill |
| 6:38 | Queue | Villager (Male) |
| 6:38 | Queue | Villager (Male) |
| 6:38 | Queue | Villager (Male) |
| 6:45 | Build | Lumber Camp |
| 7:02 | Queue | Villager (Male) |
| 7:03 | Queue | Villager (Male) |
| 7:03 | Queue | Villager (Male) |
| 8:01 | Build | House |
| 8:10 | Queue | Villager (Male) |
| 8:29 | Queue | Villager (Male) |
| 8:29 | Queue | Villager (Male) |
| 8:49 | Queue | Villager (Male) |
| 8:52 | Build | Mining Camp |
| 9:18 | Build | Mining Camp |
| 10:13 | Research | Feudal Age |
| 10:13 | Research | Feudal Age |
| 10:31 | Build | Barracks |
| 10:35 | Build | House |
| 11:14 | Queue | Villager (Male) |
| 11:14 | Queue | Villager (Male) |
| 11:15 | Queue | Villager (Male) |
| 12:21 | Queue | Villager (Male) |
| 12:23 | Age | Feudal Age |
| 12:35 | Build | Farm |
| 12:35 | Build | Farm |
| 12:36 | Build | Farm |
| 12:36 | Build | Farm |
| 13:01 | Build | Stable |
| 13:09 | Build | Blacksmith |
| 13:21 | Queue | Villager (Male) |
| 13:44 | Build | Barracks |
| 13:57 | Queue | Villager (Male) |
| 14:08 | Build | House |
| 14:15 | Build | Farm |
| 14:26 | Queue | Villager (Male) |
| 14:32 | Build | Farm |
| 14:49 | Build | Farm |
| 14:49 | Build | Farm |
| 14:50 | Build | Farm |
| 15:07 | Queue | Villager (Male) |
| 15:10 | Build | Farm |
| 15:24 | Queue | Villager (Male) |
| 15:36 | Queue | Villager (Male) |
| 15:40 | Build | Farm |
| 15:53 | Queue | Villager (Male) |
| 16:02 | Build | Farm |
| 16:02 | Build | Farm |
| 16:26 | Research | Castle Age |
| 16:27 | Research | Castle Age |
| 16:27 | Research | Castle Age |
| 16:29 | Build | Farm |
| 16:43 | Research | Double-Bit Axe |
| 17:15 | Research | Horse Collar |
| 17:24 | Build | House |
| 17:25 | Build | House |
| 17:25 | Build | House |
| 17:27 | Build | House |
| 17:34 | Research | Gold Mining |
| 17:48 | Build | Farm |
| 18:11 | Build | Farm |
| 18:33 | Research | Scale Mail Armor |
| 18:50 | Queue | Spearman |
| 18:51 | Queue | Spearman |
| 18:51 | Queue | Spearman |
| 18:58 | Research | Arson |
| 19:06 | Age | Castle Age |
| 19:13 | Build | Barracks |
| 19:14 | Queue | Villager (Male) |
| 19:15 | Queue | Villager (Male) |
| 19:17 | Queue | Villager (Male) |
| 19:21 | Research | Forging |
| 19:55 | Build | Town Center |
| 20:02 | Queue | Villager (Male) |
| 20:08 | Research | Chain Mail Armor |
| 20:23 | Build | House |
| 20:35 | Queue | Villager (Male) |
| 20:43 | Research | Heavy Plow |
| 21:04 | Queue | Villager (Male) |
| 21:27 | Build | Barracks |
| 21:33 | Research | Squires |
| 21:36 | Queue | Villager (Male) |
| 21:44 | Queue | Villager (Male) |
| 21:46 | Queue | Villager (Male) |
| 21:55 | Queue | Villager (Male) |
| 22:12 | Build | Farm |
| 22:20 | Queue | Villager (Male) |
| 22:22 | Queue | Villager (Male) |
| 22:38 | Build | Farm |
| 22:41 | Queue | Villager (Male) |
| 22:41 | Queue | Villager (Male) |
| 22:47 | Build | House |
| 22:59 | Build | Castle |
| 23:03 | Queue | Villager (Male) |
| 23:05 | Queue | Villager (Male) |
| 23:08 | Build | Farm |
| 23:27 | Queue | Villager (Male) |
| 23:40 | Build | Farm |
| 23:44 | Research | Bow Saw |
| 23:47 | Queue | Villager (Male) |
| 24:09 | Build | Lumber Camp |
| 24:15 | Queue | Villager (Male) |
| 24:17 | Queue | Villager (Male) |
| 24:18 | Queue | Villager (Male) |
| 24:23 | Build | Farm |
| 24:33 | Build | Farm |
| 24:43 | Queue | Villager (Male) |
| 24:54 | Queue | Villager (Male) |
| 25:09 | Queue | Villager (Male) |
| 25:10 | Queue | Villager (Male) |
| 25:29 | Queue | Villager (Male) |
| 25:35 | Queue | Villager (Male) |
| 25:47 | Build | Town Center |
| 25:55 | Queue | Villager (Male) |
| 25:56 | Queue | Villager (Male) |
| 26:06 | Build | Barracks |
| 26:09 | Queue | Villager (Male) |
| 26:14 | Build | Farm |
| 26:15 | Build | Farm |
| 26:46 | Research | Iron Casting |
| 26:51 | Queue | Villager (Male) |
Build order — 依旧霸气
First 150 of 536 actions detected
| 0:18 | Build | Palisade Wall |
| 0:20 | Build | Palisade Wall |
| 0:50 | Queue | Villager (Male) |
| 0:50 | Queue | Villager (Male) |
| 1:22 | Queue | Villager (Male) |
| 1:22 | Queue | Villager (Male) |
| 2:07 | Queue | Villager (Male) |
| 2:07 | Queue | Villager (Male) |
| 2:32 | Queue | Villager (Male) |
| 2:32 | Queue | Villager (Male) |
| 2:53 | Queue | Villager (Male) |
| 2:53 | Queue | Villager (Male) |
| 3:38 | Queue | Villager (Male) |
| 3:38 | Queue | Villager (Male) |
| 3:38 | Queue | Villager (Male) |
| 4:22 | Queue | Villager (Male) |
| 4:22 | Queue | Villager (Male) |
| 4:29 | Build | House |
| 4:31 | Build | House |
| 4:46 | Queue | Villager (Male) |
| 4:46 | Queue | Villager (Male) |
| 4:47 | Queue | Villager (Male) |
| 5:19 | Queue | Villager (Male) ×3 |
| 5:25 | Build | House |
| 5:26 | Build | House |
| 6:26 | Queue | Villager (Male) |
| 6:26 | Queue | Villager (Male) |
| 6:26 | Queue | Villager (Male) |
| 7:16 | Queue | Villager (Male) |
| 7:16 | Queue | Villager (Male) |
| 7:17 | Queue | Villager (Male) |
| 7:17 | Queue | Villager (Male) |
| 7:17 | Queue | Villager (Male) |
| 7:17 | Queue | Villager (Male) |
| 7:17 | Queue | Villager (Male) |
| 8:53 | Build | Mill |
| 9:19 | Build | Mill |
| 9:36 | Queue | Villager (Male) |
| 10:14 | Queue | Villager (Male) |
| 10:14 | Queue | Villager (Male) |
| 10:38 | Build | Lumber Camp |
| 10:48 | Queue | Villager (Male) |
| 10:48 | Queue | Villager (Male) |
| 10:48 | Queue | Villager (Male) |
| 10:49 | Queue | Villager (Male) |
| 11:43 | Research | Feudal Age |
| 12:49 | Build | Farm |
| 12:49 | Build | Farm |
| 12:49 | Build | Farm |
| 12:50 | Build | Farm |
| 12:50 | Build | Farm |
| 12:50 | Build | Farm |
| 12:50 | Build | Farm |
| 12:52 | Build | Farm |
| 12:57 | Build | Farm |
| 12:59 | Build | Farm |
| 13:02 | Build | Farm |
| 13:05 | Build | Farm |
| 13:15 | Build | Farm |
| 13:19 | Build | Farm |
| 13:28 | Queue | Villager (Male) |
| 13:28 | Queue | Villager (Male) |
| 13:28 | Queue | Villager (Male) |
| 13:28 | Queue | Villager (Male) |
| 13:29 | Queue | Villager (Male) |
| 14:02 | Age | Feudal Age |
| 14:07 | Build | Market |
| 14:11 | Build | House |
| 14:22 | Research | Double-Bit Axe |
| 14:58 | Build | House |
| 15:01 | Build | House |
| 15:04 | Build | House |
| 15:05 | Build | House |
| 15:10 | Queue | Villager (Male) |
| 15:13 | Research | Horse Collar |
| 15:48 | Build | Mining Camp |
| 16:04 | Queue | Villager (Male) |
| 16:23 | Build | Blacksmith |
| 16:54 | Queue | Villager (Male) |
| 16:54 | Queue | Villager (Male) |
| 17:02 | Queue | Villager (Male) |
| 17:12 | Build | House |
| 17:13 | Build | House |
| 17:15 | Build | House |
| 17:16 | Build | House |
| 17:32 | Build | Stone Wall |
| 17:37 | Build | Gate |
| 17:48 | Queue | Villager (Male) |
| 17:48 | Queue | Villager (Male) |
| 17:58 | Research | Castle Age |
| 18:39 | Build | House |
| 18:42 | Build | House |
| 18:44 | Build | House |
| 18:51 | Build | Farm |
| 18:51 | Build | Farm |
| 18:55 | Build | Farm |
| 19:50 | Build | House |
| 20:12 | Queue | Villager (Male) |
| 20:12 | Queue | Villager (Male) |
| 20:12 | Queue | Villager (Male) |
| 20:13 | Queue | Villager (Male) |
| 20:13 | Queue | Villager (Male) |
| 20:38 | Age | Castle Age |
| 20:41 | Build | Town Center |
| 20:45 | Build | Town Center |
| 21:11 | Build | Town Center |
| 21:17 | Queue | Villager (Male) |
| 21:18 | Queue | Villager (Male) |
| 21:37 | Build | Town Center |
| 21:44 | Queue | Villager (Male) ×5 |
| 21:45 | Queue | Villager (Male) ×5 |
| 21:59 | Queue | Villager (Male) |
| 21:59 | Queue | Villager (Male) |
| 22:00 | Queue | Villager (Male) |
| 22:26 | Build | Monastery |
| 22:37 | Build | Farm |
| 22:45 | Queue | Villager (Male) |
| 22:49 | Queue | Villager (Male) |
| 22:49 | Queue | Villager (Male) |
| 22:49 | Queue | Villager (Male) |
| 22:50 | Queue | Villager (Male) |
| 23:02 | Build | Farm |
| 23:02 | Build | Farm |
| 23:07 | Queue | Villager (Male) |
| 23:19 | Queue | Monk |
| 23:19 | Queue | Monk |
| 23:30 | Queue | Villager (Male) |
| 23:30 | Queue | Villager (Male) |
| 23:37 | Build | Farm |
| 23:37 | Build | Farm |
| 23:40 | Research | Heavy Plow |
| 23:55 | Queue | Villager (Male) |
| 23:55 | Queue | Villager (Male) |
| 23:55 | Queue | Villager (Male) |
| 23:56 | Queue | Villager (Male) |
| 24:05 | Build | Farm |
| 24:11 | Queue | Villager (Male) |
| 24:11 | Queue | Villager (Male) |
| 24:16 | Build | Farm |
| 24:16 | Build | Farm |
| 24:16 | Build | Farm |
| 24:16 | Build | Farm |
| 24:23 | Queue | Villager (Male) |
| 24:23 | Queue | Villager (Male) |
| 24:24 | Queue | Villager (Male) |
| 24:24 | Queue | Villager (Male) |
| 24:26 | Queue | Villager (Male) |
| 24:27 | Queue | Villager (Male) |
| 24:27 | Queue | Villager (Male) |
| 24:33 | Build | Farm |
Build order — vitavidal91
First 150 of 717 actions detected
| 0:01 | Queue | Villager (Male) |
| 0:01 | Queue | Villager (Male) |
| 0:03 | Build | House |
| 0:04 | Build | House |
| 0:22 | Queue | Villager (Male) |
| 0:43 | Queue | Villager (Male) |
| 1:13 | Research | Loom |
| 1:27 | Queue | Villager (Male) |
| 1:39 | Build | Palisade Wall |
| 1:44 | Build | Palisade Wall |
| 2:00 | Build | House |
| 2:01 | Queue | Villager (Male) |
| 2:48 | Queue | Villager (Male) |
| 3:17 | Queue | Villager (Male) |
| 3:37 | Queue | Villager (Male) |
| 4:01 | Queue | Villager (Male) |
| 4:12 | Build | Mill |
| 4:31 | Queue | Villager (Male) |
| 4:43 | Build | Palisade Wall |
| 4:47 | Queue | Villager (Male) |
| 5:06 | Queue | Villager (Male) |
| 5:32 | Queue | Villager (Male) |
| 5:45 | Build | Palisade Wall |
| 5:49 | Queue | Villager (Male) |
| 6:02 | Build | Palisade Wall |
| 6:11 | Queue | Villager (Male) |
| 6:16 | Build | House |
| 6:22 | Queue | Villager (Male) |
| 6:44 | Build | Palisade Wall |
| 7:02 | Queue | Villager (Male) |
| 7:08 | Build | Lumber Camp |
| 7:11 | Queue | Villager (Male) |
| 8:09 | Queue | Villager (Male) |
| 8:25 | Queue | Villager (Male) |
| 8:47 | Queue | Villager (Male) |
| 8:59 | Queue | Villager (Male) |
| 9:17 | Build | House |
| 9:46 | Build | Palisade Wall |
| 9:54 | Queue | Villager (Male) |
| 10:29 | Research | Feudal Age |
| 10:36 | Build | Mining Camp |
| 10:49 | Build | Farm |
| 10:54 | Build | Farm |
| 10:55 | Build | Farm |
| 10:56 | Build | Farm |
| 11:10 | Build | House |
| 11:56 | Queue | Villager (Male) |
| 12:39 | Age | Feudal Age |
| 13:00 | Queue | Villager (Male) |
| 13:07 | Build | Stone Wall |
| 13:18 | Build | Market |
| 13:23 | Queue | Villager (Male) |
| 13:39 | Queue | Villager (Male) |
| 14:00 | Build | Blacksmith |
| 14:04 | Build | House |
| 14:04 | Build | House |
| 14:08 | Queue | Villager (Male) |
| 14:21 | Research | Double-Bit Axe |
| 14:48 | Build | House |
| 14:48 | Build | House |
| 14:49 | Build | House |
| 14:50 | Build | House |
| 14:51 | Build | House |
| 14:51 | Build | House |
| 14:52 | Build | House |
| 14:52 | Build | House |
| 14:52 | Build | House |
| 14:54 | Build | House |
| 14:55 | Build | House |
| 14:55 | Build | House |
| 14:55 | Build | House |
| 14:57 | Queue | Villager (Male) |
| 14:59 | Queue | Villager (Male) |
| 15:07 | Build | Mill |
| 15:25 | Build | Barracks |
| 15:44 | Queue | Villager (Male) |
| 15:50 | Build | Farm |
| 16:05 | Build | Farm |
| 16:07 | Queue | Villager (Male) |
| 16:14 | Build | Farm |
| 16:32 | Build | Stone Wall |
| 16:37 | Queue | Villager (Male) |
| 16:41 | Build | Farm |
| 16:56 | Build | Farm |
| 16:58 | Build | Farm |
| 17:03 | Queue | Villager (Male) |
| 17:05 | Build | Farm |
| 17:19 | Queue | Villager (Male) |
| 17:32 | Build | Farm |
| 17:33 | Build | Farm |
| 17:36 | Build | Farm |
| 17:38 | Queue | Villager (Male) |
| 17:42 | Build | Farm |
| 18:08 | Build | Farm |
| 18:16 | Build | Farm |
| 18:16 | Build | Farm |
| 18:32 | Research | Castle Age |
| 18:35 | Build | Lumber Camp |
| 18:41 | Build | Farm |
| 19:02 | Research | Horse Collar |
| 19:11 | Build | House |
| 19:11 | Build | House |
| 19:12 | Build | House |
| 19:40 | Build | Mining Camp |
| 21:12 | Age | Castle Age |
| 21:17 | Build | Town Center |
| 21:19 | Queue | Villager (Male) |
| 21:20 | Queue | Villager (Male) |
| 21:55 | Queue | Villager (Male) |
| 22:14 | Queue | Villager (Male) |
| 22:27 | Queue | Villager (Male) |
| 22:27 | Queue | Villager (Male) |
| 22:27 | Queue | Villager (Male) |
| 22:28 | Queue | Villager (Male) |
| 22:28 | Queue | Villager (Male) |
| 22:33 | Queue | Villager (Male) |
| 22:36 | Queue | Villager (Male) |
| 22:36 | Queue | Villager (Male) |
| 22:39 | Queue | Villager (Male) |
| 23:20 | Research | Fletching |
| 23:30 | Build | Monastery |
| 23:37 | Build | University |
| 23:43 | Queue | Villager (Male) |
| 24:00 | Build | Castle |
| 24:24 | Queue | Villager (Male) |
| 24:32 | Queue | Villager (Male) |
| 24:32 | Queue | Villager (Male) |
| 24:33 | Queue | Villager (Male) |
| 24:37 | Research | Wheelbarrow |
| 24:48 | Build | Farm |
| 24:53 | Queue | Monk |
| 25:07 | Research | Padded Archer Armor |
| 25:10 | Research | Stone Mining |
| 25:20 | Build | Mining Camp |
| 25:28 | Queue | Longbowman |
| 25:28 | Queue | Longbowman |
| 25:47 | Queue | Longbowman |
| 26:03 | Queue | Longbowman |
| 26:05 | Queue | Villager (Male) |
| 26:06 | Queue | Villager (Male) |
| 26:08 | Queue | Villager (Male) |
| 26:08 | Queue | Villager (Male) |
| 26:10 | Queue | Villager (Male) |
| 26:10 | Queue | Villager (Male) |
| 26:11 | Queue | Villager (Male) |
| 26:12 | Queue | Villager (Male) |
| 26:12 | Queue | Villager (Male) |
| 26:29 | Research | Bodkin Arrow |
| 26:30 | Research | Leather Archer Armor |
| 26:32 | Queue | Longbowman |
Build order — reynoso0989carlos
First 150 of 1090 actions detected
| 0:02 | Build | House |
| 0:05 | Build | House |
| 0:12 | Queue | Villager (Male) |
| 0:12 | Queue | Villager (Male) |
| 0:12 | Queue | Villager (Male) |
| 0:13 | Queue | Villager (Male) |
| 1:12 | Build | Palisade Wall |
| 1:50 | Build | Palisade Wall |
| 2:04 | Queue | Villager (Male) |
| 2:04 | Queue | Villager (Male) |
| 2:43 | Research | Loom |
| 2:46 | Queue | Villager (Male) |
| 2:46 | Queue | Villager (Male) |
| 3:13 | Build | Palisade Wall |
| 3:39 | Queue | Villager (Male) |
| 3:39 | Queue | Villager (Male) |
| 3:39 | Queue | Villager (Male) |
| 3:51 | Queue | Villager (Male) |
| 4:13 | Build | Palisade Wall |
| 4:29 | Queue | Villager (Male) |
| 4:45 | Queue | Villager (Male) |
| 4:45 | Queue | Villager (Male) |
| 6:17 | Build | Palisade Gate |
| 7:36 | Queue | Villager (Male) |
| 7:36 | Queue | Villager (Male) |
| 7:36 | Queue | Villager (Male) |
| 7:42 | Build | House |
| 7:49 | Queue | Villager (Male) |
| 7:49 | Queue | Villager (Male) |
| 7:50 | Queue | Villager (Male) |
| 7:50 | Queue | Villager (Male) |
| 8:00 | Build | Palisade Wall |
| 8:23 | Build | House |
| 8:51 | Build | Mining Camp |
| 9:03 | Queue | Villager (Male) |
| 9:51 | Queue | Villager (Male) |
| 10:46 | Build | Lumber Camp |
| 10:48 | Queue | Villager (Male) |
| 10:49 | Queue | Villager (Male) |
| 10:57 | Build | House |
| 11:03 | Build | Mill |
| 11:28 | Queue | Villager (Male) |
| 11:29 | Queue | Villager (Male) |
| 11:29 | Queue | Villager (Male) |
| 12:00 | Build | Farm |
| 12:08 | Queue | Villager (Male) |
| 12:09 | Queue | Villager (Male) |
| 12:09 | Queue | Villager (Male) |
| 12:15 | Queue | Villager (Male) |
| 12:26 | Build | Farm |
| 12:33 | Build | Farm |
| 12:49 | Queue | Villager (Male) |
| 13:06 | Build | Farm |
| 13:13 | Queue | Villager (Male) |
| 13:30 | Build | House |
| 13:40 | Research | Feudal Age |
| 13:47 | Build | Farm |
| 14:18 | Build | Farm |
| 14:23 | Build | Farm |
| 14:57 | Queue | Villager (Male) |
| 14:57 | Queue | Villager (Male) |
| 14:57 | Queue | Villager (Male) |
| 14:57 | Queue | Villager (Male) |
| 14:58 | Queue | Villager (Male) |
| 14:58 | Queue | Villager (Male) |
| 15:53 | Age | Feudal Age |
| 15:56 | Build | Market |
| 16:06 | Build | Blacksmith |
| 16:33 | Queue | Villager (Male) |
| 16:36 | Build | Farm |
| 16:49 | Build | Farm |
| 17:08 | Research | Castle Age |
| 17:08 | Research | Castle Age |
| 17:16 | Build | Farm |
| 17:35 | Build | Mining Camp |
| 17:59 | Build | Lumber Camp |
| 18:11 | Research | Double-Bit Axe |
| 19:13 | Research | Horse Collar |
| 19:17 | Queue | Villager (Male) |
| 19:17 | Queue | Villager (Male) |
| 19:17 | Queue | Villager (Male) |
| 19:38 | Build | House |
| 19:40 | Build | House |
| 19:42 | Build | House |
| 19:48 | Age | Castle Age |
| 20:05 | Build | Town Center |
| 20:21 | Build | Town Center |
| 20:26 | Queue | Villager (Male) |
| 20:26 | Queue | Villager (Male) |
| 20:27 | Queue | Villager (Male) |
| 20:27 | Queue | Villager (Male) |
| 20:27 | Queue | Villager (Male) |
| 20:27 | Queue | Villager (Male) |
| 20:28 | Queue | Villager (Male) |
| 20:35 | Build | Farm |
| 20:46 | Research | Bow Saw |
| 20:48 | Queue | Villager (Male) |
| 20:48 | Queue | Villager (Male) |
| 20:49 | Queue | Villager (Male) |
| 21:04 | Build | University |
| 21:26 | Build | Barracks |
| 21:37 | Queue | Villager (Male) |
| 21:38 | Queue | Villager (Male) |
| 21:38 | Queue | Villager (Male) |
| 21:38 | Queue | Villager (Male) |
| 21:38 | Queue | Villager (Male) |
| 22:08 | Build | Town Center |
| 22:15 | Queue | Villager (Male) |
| 22:15 | Queue | Villager (Male) |
| 22:21 | Queue | Villager (Male) |
| 22:21 | Queue | Villager (Male) |
| 22:22 | Queue | Villager (Male) |
| 22:22 | Queue | Villager (Male) |
| 22:23 | Queue | Villager (Male) |
| 22:23 | Queue | Villager (Male) |
| 22:52 | Queue | Villager (Male) |
| 22:52 | Queue | Villager (Male) |
| 22:52 | Queue | Villager (Male) |
| 23:05 | Build | Farm |
| 23:07 | Build | Farm |
| 23:08 | Build | Farm |
| 23:10 | Build | Farm |
| 23:16 | Queue | Villager (Male) |
| 23:32 | Queue | Villager (Male) |
| 23:33 | Queue | Villager (Male) |
| 23:46 | Build | Farm |
| 23:47 | Build | Farm |
| 23:52 | Build | Farm |
| 23:55 | Build | Farm |
| 23:56 | Build | Farm |
| 24:05 | Queue | Villager (Male) |
| 24:06 | Queue | Villager (Male) |
| 24:06 | Queue | Villager (Male) |
| 24:07 | Queue | Villager (Male) |
| 24:07 | Queue | Villager (Male) |
| 24:23 | Build | Archery Range |
| 24:39 | Queue | Villager (Male) |
| 24:39 | Queue | Villager (Male) |
| 24:39 | Queue | Villager (Male) |
| 24:40 | Queue | Villager (Male) |
| 24:44 | Queue | Villager (Male) |
| 24:56 | Queue | Villager (Male) |
| 25:03 | Build | Farm |
| 25:06 | Build | Farm |
| 25:09 | Queue | Villager (Male) |
| 25:10 | Queue | Villager (Male) |
| 25:10 | Queue | Villager (Male) |
| 25:18 | Build | Farm |
| 25:21 | Queue | Villager (Male) |
| 25:21 | Queue | Villager (Male) |
Build order — tatomagallanes
First 150 of 336 actions detected
| 0:04 | Queue | Villager (Male) |
| 0:04 | Queue | Villager (Male) |
| 0:04 | Queue | Villager (Male) |
| 0:05 | Queue | Villager (Male) |
| 0:12 | Build | House |
| 0:17 | Build | House |
| 1:45 | Queue | Villager (Male) |
| 2:16 | Queue | Villager (Male) |
| 2:42 | Queue | Villager (Male) |
| 2:48 | Research | Loom |
| 3:30 | Queue | Villager (Male) |
| 4:48 | Build | Palisade Wall |
| 5:15 | Queue | Villager (Male) |
| 5:16 | Queue | Villager (Male) |
| 5:50 | Queue | Villager (Male) |
| 5:51 | Queue | Villager (Male) |
| 6:26 | Build | House |
| 7:00 | Build | Lumber Camp |
| 7:04 | Queue | Villager (Male) |
| 7:04 | Queue | Villager (Male) |
| 7:23 | Queue | Villager (Male) |
| 7:23 | Queue | Villager (Male) |
| 8:12 | Build | House |
| 8:22 | Queue | Villager (Male) |
| 8:23 | Queue | Villager (Male) |
| 8:29 | Build | Mill |
| 8:43 | Build | Mill |
| 8:56 | Queue | Villager (Male) |
| 9:21 | Queue | Villager (Male) |
| 9:27 | Build | House |
| 9:32 | Queue | Villager (Male) |
| 10:08 | Build | Farm |
| 10:09 | Build | Farm |
| 10:13 | Queue | Villager (Male) |
| 10:41 | Queue | Villager (Male) |
| 10:49 | Build | Farm |
| 11:23 | Build | Farm |
| 11:37 | Build | Mining Camp |
| 11:40 | Queue | Villager (Male) |
| 12:11 | Research | Feudal Age |
| 12:12 | Research | Feudal Age |
| 14:21 | Age | Feudal Age |
| 14:24 | Queue | Villager (Male) |
| 14:24 | Queue | Villager (Male) |
| 14:24 | Queue | Villager (Male) |
| 14:32 | Build | Mining Camp |
| 14:58 | Build | Market |
| 15:09 | Build | Blacksmith |
| 15:36 | Build | Stone Wall |
| 15:59 | Research | Castle Age |
| 16:10 | Research | Stone Mining |
| 16:51 | Research | Double-Bit Axe |
| 17:03 | Build | Stone Wall |
| 17:56 | Research | Horse Collar |
| 18:07 | Build | Farm |
| 18:23 | Build | Stone Wall |
| 18:32 | Queue | Villager (Male) |
| 18:33 | Queue | Villager (Male) |
| 18:38 | Age | Castle Age |
| 18:45 | Build | Town Center |
| 18:51 | Research | Town Watch |
| 19:14 | Build | House |
| 19:19 | Queue | Villager (Male) |
| 19:19 | Queue | Villager (Male) |
| 19:36 | Queue | Villager (Male) |
| 19:47 | Build | House |
| 19:49 | Build | House |
| 19:49 | Build | House |
| 19:50 | Build | House |
| 19:52 | Build | House |
| 20:06 | Build | Farm |
| 20:12 | Queue | Villager (Male) |
| 20:15 | Queue | Villager (Male) |
| 20:23 | Build | Farm |
| 20:26 | Queue | Villager (Male) |
| 20:47 | Queue | Villager (Male) |
| 20:54 | Build | Farm |
| 21:00 | Queue | Villager (Male) |
| 21:07 | Build | Farm |
| 21:12 | Build | Farm |
| 21:14 | Build | Farm |
| 21:22 | Build | Farm |
| 21:25 | Queue | Villager (Male) |
| 21:43 | Build | Farm |
| 21:53 | Queue | Villager (Male) |
| 21:57 | Queue | Villager (Male) |
| 22:12 | Build | Farm |
| 22:15 | Queue | Villager (Male) |
| 22:22 | Queue | Villager (Male) |
| 22:32 | Build | Farm |
| 22:33 | Build | Farm |
| 22:35 | Build | Farm |
| 22:44 | Build | Castle |
| 22:54 | Build | Farm |
| 22:55 | Build | Farm |
| 23:06 | Research | Caravan |
| 23:07 | Queue | Trade Cart |
| 23:12 | Queue | Trade Cart |
| 23:12 | Queue | Trade Cart |
| 23:22 | Queue | Villager (Male) |
| 23:25 | Queue | Villager (Male) |
| 23:39 | Build | Farm |
| 23:53 | Queue | Villager (Male) |
| 24:00 | Queue | Villager (Male) |
| 24:11 | Build | Farm |
| 24:46 | Build | Farm |
| 24:54 | Build | Farm |
| 25:02 | Research | Kshatriyas |
| 25:06 | Queue | Trade Cart |
| 25:08 | Queue | Villager (Male) |
| 25:18 | Build | Farm |
| 25:23 | Queue | Villager (Male) |
| 25:28 | Queue | Villager (Male) |
| 26:00 | Build | Farm |
| 26:04 | Research | Heavy Plow |
| 26:08 | Research | Scale Mail Armor |
| 26:14 | Queue | Chakram Thrower ×2 |
| 26:25 | Queue | Villager (Male) |
| 26:29 | Queue | Villager (Male) |
| 26:44 | Build | Town Center |
| 26:54 | Queue | Trade Cart |
| 27:04 | Build | Farm |
| 27:08 | Queue | Chakram Thrower |
| 27:23 | Research | Wheelbarrow |
| 27:27 | Queue | Villager (Male) |
| 27:29 | Queue | Trade Cart |
| 27:33 | Research | Chain Mail Armor |
| 27:49 | Queue | Villager (Male) |
| 27:52 | Queue | Villager (Male) |
| 27:57 | Research | Bow Saw |
| 28:38 | Research | Forging |
| 28:40 | Queue | Villager (Male) |
| 28:44 | Queue | Villager (Male) |
| 28:45 | Queue | Villager (Male) |
| 28:49 | Queue | Villager (Male) |
| 28:55 | Queue | Villager (Male) |
| 28:57 | Queue | Trade Cart |
| 28:57 | Queue | Trade Cart |
| 29:12 | Research | Stone Shaft Mining |
| 29:18 | Queue | Villager (Male) |
| 29:25 | Build | Farm |
| 29:37 | Build | Farm |
| 29:43 | Queue | Villager (Male) |
| 29:43 | Queue | Villager (Male) |
| 29:49 | Queue | Trade Cart |
| 29:56 | Queue | Chakram Thrower |
| 29:56 | Queue | Chakram Thrower |
| 29:57 | Queue | Chakram Thrower |
| 29:57 | Queue | Chakram Thrower |
| 29:57 | Queue | Chakram Thrower |
Build order — Rompe--Anos
First 150 of 499 actions detected
| 0:03 | Research | Loom |
| 0:04 | Queue | Villager (Male) |
| 0:04 | Queue | Villager (Male) |
| 0:05 | Queue | Villager (Male) |
| 0:05 | Queue | Villager (Male) |
| 0:05 | Queue | Villager (Male) |
| 0:12 | Build | House |
| 0:16 | Build | House |
| 3:01 | Queue | Villager (Male) |
| 3:01 | Queue | Villager (Male) |
| 3:55 | Build | Lumber Camp |
| 4:07 | Queue | Villager (Male) |
| 4:07 | Queue | Villager (Male) |
| 4:52 | Queue | Villager (Male) |
| 4:52 | Queue | Villager (Male) |
| 4:58 | Queue | Villager (Male) |
| 4:58 | Queue | Villager (Male) |
| 5:22 | Build | House |
| 6:06 | Queue | Villager (Male) |
| 6:06 | Queue | Villager (Male) |
| 7:00 | Queue | Villager (Male) |
| 7:02 | Queue | Villager (Male) |
| 7:04 | Queue | Villager (Male) |
| 7:05 | Queue | Villager (Male) |
| 7:39 | Queue | Villager (Male) |
| 7:39 | Queue | Villager (Male) |
| 7:57 | Build | Mill |
| 8:21 | Queue | Villager (Male) |
| 8:21 | Queue | Villager (Male) |
| 8:46 | Build | House |
| 8:48 | Build | House |
| 8:51 | Queue | Villager (Male) |
| 8:52 | Queue | Villager (Male) |
| 10:01 | Queue | Villager (Male) |
| 10:01 | Queue | Villager (Male) |
| 10:09 | Build | Lumber Camp |
| 10:12 | Queue | Villager (Male) |
| 10:13 | Queue | Villager (Male) |
| 10:13 | Queue | Villager (Male) |
| 10:13 | Queue | Villager (Male) |
| 10:15 | Queue | Villager (Male) |
| 10:15 | Queue | Villager (Male) |
| 10:16 | Queue | Villager (Male) |
| 10:31 | Queue | Villager (Male) |
| 10:31 | Queue | Villager (Male) |
| 11:23 | Build | Mill |
| 11:29 | Queue | Villager (Male) |
| 11:29 | Queue | Villager (Male) |
| 12:43 | Build | Mining Camp |
| 13:55 | Research | Feudal Age |
| 14:36 | Queue | Villager (Male) |
| 14:46 | Build | House |
| 14:48 | Build | House |
| 16:02 | Build | Farm |
| 16:05 | Age | Feudal Age |
| 16:39 | Build | Market |
| 16:47 | Build | Blacksmith |
| 18:02 | Research | Castle Age |
| 18:36 | Build | Farm |
| 18:44 | Build | Farm |
| 18:45 | Build | Farm |
| 18:46 | Build | Farm |
| 18:47 | Build | Farm |
| 18:48 | Build | Farm |
| 18:49 | Build | Farm |
| 18:50 | Build | Farm |
| 19:07 | Research | Double-Bit Axe |
| 19:14 | Build | House |
| 19:15 | Build | House |
| 20:22 | Build | Farm |
| 20:23 | Build | Farm |
| 20:27 | Build | Farm |
| 20:27 | Build | Farm |
| 20:28 | Build | Farm |
| 20:29 | Build | Farm |
| 20:41 | Research | Horse Collar |
| 20:42 | Age | Castle Age |
| 20:53 | Build | Town Center |
| 20:57 | Queue | Villager (Male) |
| 20:57 | Queue | Villager (Male) |
| 20:58 | Queue | Villager (Male) |
| 20:58 | Queue | Villager (Male) |
| 20:58 | Queue | Villager (Male) |
| 20:59 | Queue | Villager (Male) |
| 20:59 | Queue | Villager (Male) |
| 21:11 | Build | Town Center |
| 21:37 | Build | Siege Workshop |
| 22:03 | Queue | Villager (Male) |
| 22:03 | Queue | Villager (Male) |
| 22:51 | Queue | Villager (Male) |
| 22:51 | Queue | Villager (Male) |
| 22:51 | Queue | Villager (Male) |
| 22:52 | Queue | Villager (Male) |
| 22:52 | Queue | Villager (Male) |
| 22:53 | Queue | Villager (Male) |
| 23:04 | Queue | Villager (Male) |
| 23:05 | Queue | Villager (Male) |
| 23:05 | Queue | Villager (Male) |
| 23:05 | Queue | Villager (Male) |
| 23:06 | Queue | Villager (Male) |
| 23:15 | Build | House |
| 23:17 | Build | House |
| 23:18 | Build | House |
| 23:19 | Build | House |
| 23:20 | Build | House |
| 23:39 | Build | Siege Workshop |
| 23:54 | Queue | Villager (Male) |
| 23:55 | Queue | Villager (Male) |
| 24:05 | Queue | Villager (Male) |
| 24:06 | Queue | Villager (Male) |
| 24:09 | Queue | Villager (Male) |
| 24:10 | Queue | Villager (Male) |
| 24:10 | Queue | Villager (Male) |
| 24:59 | Build | Siege Workshop |
| 25:10 | Queue | Villager (Male) |
| 25:13 | Queue | Villager (Male) |
| 25:15 | Queue | Villager (Male) |
| 25:17 | Queue | Villager (Male) |
| 25:18 | Queue | Villager (Male) |
| 25:20 | Queue | Villager (Male) |
| 25:22 | Queue | Villager (Male) |
| 25:50 | Queue | Villager (Male) |
| 25:59 | Queue | Villager (Male) |
| 25:59 | Queue | Villager (Male) |
| 26:16 | Build | Farm |
| 26:20 | Queue | Villager (Male) |
| 26:30 | Build | House |
| 26:32 | Build | House |
| 26:33 | Build | House |
| 26:34 | Build | House |
| 26:35 | Build | House |
| 26:43 | Build | Farm |
| 26:47 | Queue | Villager (Male) |
| 26:49 | Queue | Villager (Male) |
| 26:49 | Queue | Villager (Male) |
| 26:51 | Queue | Villager (Male) |
| 26:57 | Queue | Villager (Male) |
| 26:57 | Queue | Villager (Male) |
| 27:09 | Build | Castle |
| 27:25 | Build | University |
| 27:32 | Queue | Villager (Male) |
| 27:34 | Queue | Villager (Male) |
| 27:41 | Queue | Villager (Male) |
| 27:41 | Queue | Villager (Male) |
| 27:46 | Build | Farm |
| 27:48 | Build | Farm |
| 27:54 | Build | Farm |
| 27:57 | Queue | Villager (Male) |
| 28:23 | Queue | Villager (Male) |
| 28:37 | Queue | Villager (Male) |
Build order — ephriamk90
First 150 of 668 actions detected
| 0:05 | Build | House |
| 0:07 | Build | House |
| 0:08 | Queue | Villager (Male) |
| 0:08 | Research | Loom |
| 0:09 | Queue | Villager (Male) |
| 0:09 | Queue | Villager (Male) |
| 0:09 | Queue | Villager (Male) |
| 0:09 | Queue | Villager (Male) |
| 0:53 | Build | Palisade Wall |
| 1:42 | Build | Lumber Camp |
| 2:37 | Queue | Villager (Male) |
| 2:37 | Queue | Villager (Male) |
| 3:11 | Queue | Villager (Male) |
| 3:12 | Queue | Villager (Male) |
| 3:30 | Queue | Villager (Male) |
| 3:31 | Queue | Villager (Male) |
| 4:11 | Queue | Villager (Male) |
| 4:40 | Queue | Villager (Male) |
| 4:41 | Queue | Villager (Male) |
| 4:56 | Build | House |
| 5:00 | Build | House |
| 5:37 | Queue | Villager (Male) |
| 5:38 | Queue | Villager (Male) |
| 5:38 | Queue | Villager (Male) |
| 5:54 | Queue | Villager (Male) |
| 5:54 | Queue | Villager (Male) |
| 6:45 | Build | Mill |
| 7:01 | Build | Mill |
| 7:14 | Queue | Villager (Male) |
| 7:20 | Build | House |
| 7:49 | Queue | Villager (Male) |
| 7:49 | Queue | Villager (Male) |
| 7:50 | Queue | Villager (Male) |
| 7:50 | Queue | Villager (Male) |
| 8:17 | Queue | Villager (Male) |
| 8:18 | Queue | Villager (Male) |
| 8:18 | Queue | Villager (Male) |
| 9:10 | Queue | Villager (Male) |
| 9:14 | Queue | Villager (Male) |
| 9:41 | Build | Mill |
| 10:19 | Queue | Villager (Male) |
| 10:58 | Research | Feudal Age |
| 11:02 | Queue | Villager (Male) |
| 11:19 | Research | Feudal Age |
| 11:23 | Build | Mining Camp |
| 12:10 | Queue | Villager (Male) |
| 12:11 | Queue | Villager (Male) |
| 12:26 | Build | House |
| 12:29 | Build | House |
| 12:31 | Build | House |
| 12:33 | Build | House |
| 13:28 | Build | Lumber Camp |
| 13:44 | Age | Feudal Age |
| 13:48 | Build | Market |
| 14:42 | Queue | Villager (Male) |
| 14:48 | Build | Blacksmith |
| 15:31 | Research | Castle Age |
| 15:40 | Build | Lumber Camp |
| 15:46 | Research | Double-Bit Axe |
| 15:50 | Research | Horse Collar |
| 16:13 | Build | House |
| 16:14 | Build | House |
| 16:16 | Build | House |
| 18:11 | Age | Castle Age |
| 18:13 | Build | Town Center |
| 18:17 | Build | Town Center |
| 18:29 | Build | Town Center |
| 18:48 | Queue | Villager (Male) |
| 18:48 | Queue | Villager (Male) |
| 18:49 | Research | Heavy Plow |
| 19:15 | Build | Farm |
| 19:31 | Queue | Villager (Male) |
| 19:34 | Queue | Villager (Male) |
| 19:47 | Queue | Villager (Male) |
| 19:51 | Queue | Villager (Male) |
| 19:57 | Build | Farm |
| 20:13 | Build | Farm |
| 20:14 | Build | Farm |
| 20:14 | Build | Farm |
| 20:14 | Build | Farm |
| 20:14 | Build | Farm |
| 20:22 | Build | Farm |
| 20:26 | Build | Farm |
| 20:33 | Queue | Villager (Male) |
| 20:33 | Queue | Villager (Male) |
| 20:34 | Queue | Villager (Male) |
| 20:48 | Build | Farm |
| 20:55 | Build | House |
| 21:02 | Queue | Villager (Male) |
| 21:02 | Queue | Villager (Male) |
| 21:06 | Build | Farm |
| 21:12 | Queue | Villager (Male) |
| 21:12 | Queue | Villager (Male) |
| 21:12 | Queue | Villager (Male) |
| 21:18 | Build | Farm |
| 21:19 | Queue | Villager (Male) |
| 21:35 | Build | Farm |
| 21:39 | Build | House |
| 21:40 | Queue | Villager (Male) |
| 21:40 | Queue | Villager (Male) |
| 21:43 | Build | Farm |
| 21:46 | Queue | Villager (Male) |
| 21:46 | Queue | Villager (Male) |
| 21:56 | Queue | Villager (Male) |
| 21:56 | Queue | Villager (Male) |
| 22:07 | Build | Farm |
| 22:12 | Queue | Villager (Male) |
| 22:16 | Queue | Villager (Male) |
| 22:17 | Queue | Villager (Male) |
| 22:17 | Queue | Villager (Male) |
| 22:21 | Build | Farm |
| 22:24 | Queue | Villager (Male) |
| 22:29 | Build | Farm |
| 22:30 | Queue | Villager (Male) |
| 22:30 | Queue | Villager (Male) |
| 22:47 | Build | Farm |
| 22:48 | Queue | Villager (Male) |
| 22:53 | Build | Farm |
| 22:54 | Queue | Villager (Male) |
| 22:59 | Queue | Villager (Male) |
| 22:59 | Queue | Villager (Male) |
| 23:11 | Queue | Villager (Male) |
| 23:11 | Queue | Villager (Male) |
| 23:23 | Queue | Villager (Male) |
| 23:24 | Research | Bow Saw |
| 23:25 | Queue | Villager (Male) |
| 23:26 | Queue | Villager (Male) |
| 23:26 | Queue | Villager (Male) |
| 23:26 | Queue | Villager (Male) |
| 23:27 | Queue | Villager (Male) |
| 23:31 | Build | Farm |
| 23:37 | Build | Monastery |
| 23:38 | Queue | Villager (Male) |
| 23:39 | Queue | Villager (Male) |
| 23:40 | Queue | Villager (Male) |
| 23:41 | Queue | Villager (Male) |
| 23:46 | Build | Farm |
| 23:52 | Queue | Villager (Male) |
| 23:53 | Queue | Villager (Male) |
| 23:54 | Queue | Villager (Male) |
| 24:01 | Queue | Villager (Male) |
| 24:07 | Build | Farm |
| 24:13 | Build | Farm |
| 24:18 | Build | Mining Camp |
| 24:23 | Queue | Villager (Male) |
| 24:23 | Queue | Villager (Male) |
| 24:24 | Queue | Villager (Male) |
| 24:28 | Build | Farm |
| 24:31 | Queue | Villager (Male) |
| 24:38 | Queue | Monk |
Build order — GuilleLeopold17
First 150 of 570 actions detected
| 0:01 | Queue | Villager (Male) |
| 0:02 | Queue | Villager (Male) |
| 0:02 | Queue | Villager (Male) |
| 0:04 | Build | House |
| 0:06 | Build | House |
| 0:17 | Research | Loom |
| 0:17 | Research | Loom |
| 0:18 | Queue | Villager (Male) |
| 0:18 | Queue | Villager (Male) |
| 0:22 | Queue | Villager (Male) |
| 0:22 | Queue | Villager (Male) |
| 1:38 | Build | Palisade Wall |
| 1:51 | Queue | Villager (Male) |
| 1:51 | Queue | Villager (Male) |
| 2:30 | Queue | Villager (Male) |
| 2:31 | Queue | Villager (Male) |
| 2:31 | Queue | Villager (Male) |
| 2:54 | Build | Lumber Camp |
| 2:59 | Queue | Villager (Male) |
| 2:59 | Queue | Villager (Male) |
| 3:41 | Queue | Villager (Male) |
| 3:41 | Queue | Villager (Male) |
| 3:42 | Queue | Villager (Male) |
| 3:42 | Queue | Villager (Male) |
| 4:14 | Queue | Villager (Male) |
| 4:14 | Queue | Villager (Male) |
| 4:15 | Queue | Villager (Male) |
| 5:46 | Queue | Villager (Male) |
| 5:46 | Queue | Villager (Male) |
| 5:46 | Queue | Villager (Male) |
| 5:51 | Build | House |
| 5:52 | Build | House |
| 6:18 | Queue | Villager (Male) |
| 6:18 | Queue | Villager (Male) |
| 6:50 | Queue | Villager (Male) |
| 6:50 | Queue | Villager (Male) |
| 6:50 | Queue | Villager (Male) |
| 7:35 | Build | Mill |
| 7:39 | Queue | Villager (Male) |
| 7:39 | Queue | Villager (Male) |
| 8:55 | Build | House |
| 8:57 | Build | House |
| 9:15 | Build | Mining Camp |
| 10:01 | Build | House |
| 10:07 | Build | House |
| 10:12 | Research | Feudal Age |
| 10:40 | Queue | Villager (Male) |
| 10:40 | Queue | Villager (Male) |
| 12:22 | Age | Feudal Age |
| 12:42 | Build | Blacksmith |
| 12:53 | Build | Barracks |
| 12:57 | Queue | Villager (Male) |
| 14:00 | Build | Archery Range |
| 14:12 | Build | Farm |
| 14:12 | Build | Farm |
| 14:12 | Build | Farm |
| 14:13 | Build | Farm |
| 14:19 | Queue | Villager (Male) |
| 14:31 | Queue | Villager (Male) |
| 14:40 | Build | Farm |
| 14:41 | Build | Farm |
| 14:41 | Build | Farm |
| 14:41 | Build | Farm |
| 14:42 | Build | Farm |
| 14:42 | Build | Farm |
| 14:42 | Build | Farm |
| 14:43 | Build | Farm |
| 14:43 | Build | Farm |
| 14:43 | Build | Farm |
| 15:00 | Build | Farm |
| 15:00 | Build | Farm |
| 15:01 | Build | Farm |
| 15:01 | Build | Farm |
| 15:02 | Build | Farm |
| 15:02 | Build | Farm |
| 15:03 | Build | Farm |
| 15:03 | Build | Farm |
| 15:05 | Build | Farm |
| 15:05 | Build | Farm |
| 15:06 | Build | Farm |
| 15:06 | Build | Farm |
| 15:06 | Build | Farm |
| 15:31 | Build | Farm |
| 15:32 | Build | Farm |
| 15:32 | Build | Farm |
| 15:32 | Build | Farm |
| 15:32 | Build | Farm |
| 15:33 | Build | Farm |
| 15:34 | Build | Farm |
| 15:34 | Build | Farm |
| 15:34 | Build | Farm |
| 15:35 | Build | Farm |
| 15:35 | Build | Farm |
| 15:35 | Build | Farm |
| 15:36 | Build | Farm |
| 15:36 | Build | Farm |
| 15:50 | Build | Farm |
| 15:50 | Build | Farm |
| 15:50 | Build | Farm |
| 15:51 | Build | Farm |
| 15:58 | Research | Castle Age |
| 15:58 | Research | Castle Age |
| 16:25 | Queue | Villager (Male) |
| 16:26 | Queue | Villager (Male) |
| 17:16 | Queue | Villager (Male) |
| 17:16 | Queue | Villager (Male) |
| 18:02 | Queue | Villager (Male) |
| 18:02 | Queue | Villager (Male) |
| 18:38 | Age | Castle Age |
| 18:41 | Build | Town Center |
| 18:44 | Queue | Villager (Male) |
| 18:45 | Queue | Villager (Male) |
| 18:52 | Build | Siege Workshop |
| 18:53 | Build | Siege Workshop |
| 19:02 | Build | University |
| 19:04 | Queue | Villager (Male) |
| 19:04 | Queue | Villager (Male) |
| 19:17 | Research | Horse Collar |
| 19:17 | Research | Horse Collar |
| 19:54 | Research | Elite Skirmisher (upgrade) |
| 20:05 | Queue | Villager (Male) |
| 20:05 | Queue | Villager (Male) |
| 20:05 | Queue | Villager (Male) |
| 20:27 | Queue | Skirmisher |
| 20:27 | Queue | Skirmisher |
| 20:27 | Queue | Skirmisher |
| 20:27 | Queue | Skirmisher |
| 21:00 | Build | Market |
| 21:05 | Queue | Villager (Male) ×2 |
| 21:05 | Queue | Villager (Male) ×2 |
| 21:21 | Queue | Villager (Male) |
| 21:21 | Queue | Villager (Male) |
| 21:26 | Build | Farm |
| 21:26 | Build | Farm |
| 21:26 | Build | Farm |
| 21:26 | Build | Farm |
| 21:27 | Build | Farm |
| 21:36 | Queue | Villager (Male) |
| 21:36 | Queue | Villager (Male) |
| 21:36 | Queue | Villager (Male) |
| 21:45 | Queue | Skirmisher |
| 21:45 | Queue | Skirmisher |
| 21:46 | Queue | Skirmisher |
| 22:19 | Build | Monastery |
| 22:43 | Build | Town Center |
| 22:57 | Build | Farm |
| 22:58 | Build | Farm |
| 22:58 | Build | Farm |
| 22:58 | Build | Farm |
| 22:58 | Build | Farm |
Match timeline
| 0:18 | 依旧霸气 · wall_segment Palisade Wall x5 |
| 0:20 | 依旧霸气 · wall_segment Palisade Wall x6 |
| 0:53 | ephriamk90 · wall_segment Palisade Wall x7 |
| 1:12 | reynoso0989carlos · wall_segment Palisade Wall x9 |
| 1:38 | GuilleLeopold17 · wall_segment Palisade Wall x7 |
| 1:39 | vitavidal91 · wall_segment Palisade Wall x2 |
| 1:44 | vitavidal91 · wall_segment Palisade Wall x10 |
| 1:50 | reynoso0989carlos · wall_segment Palisade Wall x12 |
| 3:13 | reynoso0989carlos · wall_segment Palisade Wall x22 |
| 4:13 | reynoso0989carlos · wall_segment Palisade Wall x19 |
| 4:43 | vitavidal91 · wall_segment Palisade Wall x21 |
| 4:48 | tatomagallanes · wall_segment Palisade Wall x7 |
| 5:45 | vitavidal91 · wall_segment Palisade Wall x7 |
| 6:02 | vitavidal91 · wall_segment Palisade Wall x4 |
| 6:44 | vitavidal91 · wall_segment Palisade Wall x10 |
| 8:00 | reynoso0989carlos · wall_segment Palisade Wall x1 |
| 9:46 | vitavidal91 · wall_segment Palisade Wall x11 |
| 10:31 | felipegarcia92 · first_building Barracks |
| 12:22 | GuilleLeopold17 · age_up feudal |
| 12:23 | felipegarcia92 · age_up feudal |
| 12:39 | vitavidal91 · age_up feudal |
| 12:53 | GuilleLeopold17 · first_building Barracks |
| 13:01 | felipegarcia92 · first_building Stable |
| 13:07 | vitavidal91 · wall_segment Stone Wall x11 |
| 13:44 | ephriamk90 · age_up feudal |
| 14:00 | GuilleLeopold17 · first_building Archery Range |
| 14:02 | 依旧霸气 · age_up feudal |
| 14:21 | tatomagallanes · age_up feudal |
| 15:25 | vitavidal91 · first_building Barracks |
| 15:36 | tatomagallanes · wall_segment Stone Wall x9 |
| 15:53 | reynoso0989carlos · age_up feudal |
| 16:05 | Rompe--Anos · age_up feudal |
| 16:32 | vitavidal91 · wall_segment Stone Wall x15 |
| 17:03 | tatomagallanes · wall_segment Stone Wall x7 |
| 17:32 | 依旧霸气 · wall_segment Stone Wall x3 |
| 17:52 | ephriamk90 · first_market_buy 100 stone |
| 17:55 | 依旧霸气 · first_market_sell 100 food |
| 18:11 | ephriamk90 · age_up castle |
| 18:23 | tatomagallanes · wall_segment Stone Wall x7 |
| 18:38 | GuilleLeopold17 · age_up castle |
| 18:38 | tatomagallanes · age_up castle |
| 18:52 | GuilleLeopold17 · first_building Siege Workshop |
| 19:06 | felipegarcia92 · age_up castle |
| 19:22 | 依旧霸气 · first_market_buy 100 stone |
| 19:48 | reynoso0989carlos · age_up castle |
| 20:36 | ephriamk90 · first_market_sell 100 wood |
| 20:38 | 依旧霸气 · age_up castle |
| 20:42 | Rompe--Anos · age_up castle |
| 21:12 | vitavidal91 · age_up castle |
| 21:26 | reynoso0989carlos · first_building Barracks |
| 21:37 | Rompe--Anos · first_building Siege Workshop |
| 22:19 | GuilleLeopold17 · first_building Monastery |
| 22:22 | GuilleLeopold17 · first_market_buy 100 wood |
| 22:26 | 依旧霸气 · first_building Monastery |
| 22:44 | tatomagallanes · first_building Castle |
| 22:59 | felipegarcia92 · first_building Castle |
| 23:30 | vitavidal91 · first_building Monastery |
| 23:37 | ephriamk90 · first_building Monastery |
| 24:00 | vitavidal91 · first_building Castle |
| 24:23 | reynoso0989carlos · first_building Archery Range |
| 26:34 | ephriamk90 · wall_segment Stone Wall x13 |
| 26:38 | ephriamk90 · wall_segment Stone Wall x7 |
| 26:40 | ephriamk90 · wall_segment Stone Wall x6 |
| 27:09 | Rompe--Anos · first_building Castle |
| 28:09 | 依旧霸气 · first_building Castle |
| 28:59 | reynoso0989carlos · first_building Castle |
| 29:00 | ephriamk90 · first_building Castle |
| 29:37 | felipegarcia92 · first_building Monastery |
| 30:20 | Rompe--Anos · first_building Barracks |
| 30:36 | 依旧霸气 · first_building Siege Workshop |
| 30:48 | ephriamk90 · first_building Siege Workshop |
| 30:50 | 依旧霸气 · first_building Barracks |
| 31:07 | ephriamk90 · first_building Barracks |
| 31:23 | GuilleLeopold17 · first_building Castle |
| 32:01 | Rompe--Anos · first_market_buy 100 food |
| 32:34 | ephriamk90 · first_building Stable |
| 33:02 | 依旧霸气 · age_up imperial |
| 33:17 | reynoso0989carlos · first_market_sell 100 wood |
| 34:08 | ephriamk90 · age_up imperial |
| 35:20 | Rompe--Anos · age_up imperial |
| 35:27 | GuilleLeopold17 · age_up imperial |
| 35:51 | tatomagallanes · first_building Barracks |
| 35:59 | tatomagallanes · first_building Siege Workshop |
| 37:49 | tatomagallanes · age_up imperial |
| 38:14 | 依旧霸气 · first_building Stable |
| 40:09 | felipegarcia92 · age_up imperial |
| 42:46 | vitavidal91 · first_building Stable |
| 43:20 | reynoso0989carlos · wall_segment Stone Wall x10 |
| 44:32 | reynoso0989carlos · age_up imperial |
| 46:07 | 依旧霸气 · wall_segment Stone Wall x1 |
| 46:15 | 依旧霸气 · wall_segment Stone Wall x1 |
| 49:13 | tatomagallanes · first_market_buy 100 stone |
| 49:14 | vitavidal91 · age_up imperial |
| 49:53 | tatomagallanes · first_market_sell 100 wood |
| 51:09 | GuilleLeopold17 · tribute_sent a jugador 1 |
| 51:09 | GuilleLeopold17 · tribute_sent a jugador 2 |
| 51:09 | GuilleLeopold17 · tribute_sent a jugador 3 |
| 51:09 | GuilleLeopold17 · tribute_sent a jugador 4 |
| 51:09 | GuilleLeopold17 · tribute_sent a jugador 5 |
| 51:09 | GuilleLeopold17 · tribute_sent a jugador 6 |
| 51:09 | GuilleLeopold17 · tribute_sent a jugador 7 |
| 53:49 | vitavidal91 · first_market_buy 100 stone |
| 57:09 | GuilleLeopold17 · wall_segment Stone Wall x23 |
| 57:31 | GuilleLeopold17 · wall_segment Stone Wall x14 |
| 62:48 | reynoso0989carlos · tribute_sent a jugador 1 |
| 62:48 | reynoso0989carlos · tribute_sent a jugador 2 |
| 62:48 | reynoso0989carlos · tribute_sent a jugador 4 |
| 62:48 | reynoso0989carlos · tribute_sent a jugador 5 |
| 62:48 | reynoso0989carlos · tribute_sent a jugador 6 |
| 62:48 | reynoso0989carlos · tribute_sent a jugador 7 |
| 62:48 | reynoso0989carlos · tribute_sent a jugador 8 |
| 62:58 | GuilleLeopold17 · first_market_sell 500 stone |
| 68:50 | tatomagallanes · tribute_sent a jugador 1 |
| 68:50 | tatomagallanes · tribute_sent a jugador 2 |
| 68:50 | tatomagallanes · tribute_sent a jugador 3 |
| 68:50 | tatomagallanes · tribute_sent a jugador 5 |
| 68:50 | tatomagallanes · tribute_sent a jugador 6 |
| 68:50 | tatomagallanes · tribute_sent a jugador 7 |
| 68:50 | tatomagallanes · tribute_sent a jugador 8 |
| 71:24 | vitavidal91 · first_building Archery Range |
| 73:03 | tatomagallanes · wall_segment Stone Wall x20 |
| 74:24 | Rompe--Anos · first_building Archery Range |
| 77:39 | tatomagallanes · resign |
[ AI ANALYSIS · 1 CREDIT ]
What really happened in this match?
Wolo.gg analyzes every decision: build order, eco, micro, common mistakes by bracket. Personalized analysis on WhatsApp or Discord in 30 seconds.
Civ guide
Malians
Perfil
Jugador #2549294